 Dungeon Crawl Stone Soup version 0.31.0-12-g77e489cdc1 (webtiles) character file.

Game seed: 11508724035367509429

78 Gadfly the Insei (level 4, -2/35 HPs)
             Began as a Demonspawn Monk on Feb 11, 2024.
             Incinerated by a bombardier beetle (6 damage)
             ... with a burning spray
             ... on level 3 of the Dungeon.
             The game lasted 00:01:53 (2080 turns).

Gadfly the Insei (Demonspawn Monk)                  Turns: 2080, Time: 00:01:53

Health: -2/35      AC:  5    Str: 13    XL:     4   Next: 15%
Magic:  4/4        EV: 13    Int: 11    God:
Gold:   74         SH:  0    Dex: 15    Spells: 3/3 levels left

rFire   . .          .
                       - Unarmed
rCold   . . .        c - orb {light}
rNeg    . . .        a - +0 robe
rPois   .            (no helmet)
rElec   .            (no cloak)
rCorr   +            (no gloves)
SInv    .            m - +2 pair of boots
Will    .....        (no amulet)
Stlth   +            g - ring of resist corrosion
HPRegen 0.25/turn    (no ring)
MPRegen 0.09/turn

%: no passive effects
@: on fire, glowing
A: spiny 1, demonic touch 1
a: no special abilities


You were on level 3 of the Dungeon.
You visited 1 branch of the dungeon, and saw 3 of its levels.

You collected 74 gold pieces.

Inventory:

Armour
 a - a +0 robe (worn)
 c - an orb of light (worn)
 m - a +2 pair of boots (worn)
Jewellery
 e - a ring of ice
 g - a ring of resist corrosion (left hand)
 o - a ring of ice
Talismans
 j - a flux talisman
Scrolls
 i - 2 scrolls of fog
 n - 3 scrolls of noise
Potions
 b - a potion of ambrosia
 d - a potion of curing
 f - a potion of mutation {unknown}
 k - a potion of lignification {unknown}
 l - a potion of brilliance {unknown}


   Skills:
 - Level 3.0 Fighting
 + Level 3.1 Dodging
 * Level 3.3 Unarmed Combat
 * Level 1.8 Evocations
 * Level 1.4 Shapeshifting


You had 3 spell levels left.
You didn't know any spells.
Your spell library was empty.

Dungeon Overview and Level Annotations

Branches:
Dungeon (3/15)

Altars:


Innate Abilities, Weirdness & Mutations

You are partially covered in sharp spines.
Your touch may inflict minor irresistible damage on your foes.


Message History

* * * LOW HITPOINT WARNING * * *
The bombardier beetle sprays incendiary fluid at you.
The burning spray hits you.
You are even more covered in liquid fire!
You feel much better. The liquid fire burns you!
You hit the bombardier beetle but do no damage.
The bombardier beetle is almost dead.
The liquid fire burns you!
The bombardier beetle sprays incendiary fluid at you.
The burning spray hits you.
You are even more covered in liquid fire!
You barely miss the bombardier beetle.
The bombardier beetle is almost dead.
The liquid fire burns you!
You hit the bombardier beetle.
You kill the bombardier beetle!
The liquid fire burns you!
You have reached level 4!
You feel clever.
Your demonic ancestry asserts itself...
Sharp spines emerge from parts of your body.
You are on fire!
You are on fire!
You shake off some of the fire as you move.
The liquid fire burns you!
You see here a bombardier beetle corpse.
You shake off some of the fire as you move.
The liquid fire burns you!
You shake off some of the fire as you move.
The liquid fire burns you!
You shake off some of the fire as you move.
The liquid fire burns you!
* * * LOW HITPOINT WARNING * * *
You see here a +0 robe.
You shake off some of the fire as you move.
The liquid fire burns you!
* * * LOW HITPOINT WARNING * * *
You shake off some of the fire as you move.
The liquid fire burns you!
You die...

................#
..............>.#
................#
...........####.#
...#.....#.## #.#
...#.....#..# #.#
...#....##..###.#####
...+...##...........#
...######.....[.@##.#
.### #.#†.###.#
#....# #.# ####.....#
#####.. ###


There were no monsters in sight!

Vanquished Creatures
  A bombardier beetle (D:3)
  5 endoplasms
  6 goblins
  9 hobgoblins
  2 quokkas (D:1)
  5 ball pythons (D:1)
  5 bats
  5 frilled lizards (D:2)
  2 kobolds
  3 rats
43 creatures vanquished.

Notes
Turn   | Place    | Note
-------+----------+-------------------------------------------
     0 | D:1      | Gadfly the Demonspawn Monk began the quest for the Orb.
     0 | D:1      | Reached XP level 1. HP: 18/18 MP: 1/1
   207 | D:1      | Gained mutation: Your touch may inflict minor irresistible
                  | damage on your foes. [demonic ancestry]
   207 | D:1      | Reached XP level 2. HP: 13/24 MP: 2/2
   611 | D:1      | Reached skill level 1 in Evocations
  1327 | D:2      | Reached skill level 1 in Shapeshifting
  1403 | D:2      | Reached XP level 3. HP: 29/29 MP: 3/3
  1969 | D:3      | Identified the -1 pair of boots of Beogh's Respect {rPois
                  | rF+ Dex-5}
  2070 | D:3      | HP: 1/29 [burnt (5)]
  2075 | D:3      | Gained mutation: You are partially covered in sharp spines.
                  | [demonic ancestry]
  2075 | D:3      | Reached XP level 4. HP: 18/35 MP: 4/4
  2080 | D:3      | Incinerated by a bombardier beetle

Illustrated notes

Levels and vault maps discovered:
D:1:      minmay_arrival_four_circles, layout_basic
D:2:      layout_loops_ring, minmay_misc_feat_square, columned_hall_lemuel,
          chequers_serial_rivers_micro_e, feat_on_display
D:3:      layout_basic

Skill      XL: |  1  2  3 |
---------------+----------+-----
Unarmed Combat | 3 |  3.3
Evocations     | 1 |  1.8
Shapeshifting  | 1 |  1.4
Dodging        | 3 |  3.1
Fighting       | |  3.0

Action                     |  1- 3 |  4- 6 || total
---------------------------+-------+-------++-------
  Melee: Unarmed           |   135 |       ||   135
    Use: Scroll            |     3 |       ||     3
         Potion            |     4 |       ||     4
 Armour: Robe              |    52 |       ||    52
  Dodge: Dodged            |    75 |       ||    75
